 Dungeon Crawl Stone Soup version 0.30-a0-672-gc3a7216ad8 (webtiles) character file.

Game seed: 6694096934863902868

79495 NinjaNoafa the Skirmisher (level 15, 0/117 HPs)
             Began as a Gnoll Conjurer on Jan 17, 2023.
             Was the Champion of Cheibriados.
             Shot with a bolt by a naga sharpshooter (25 damage)
             ... on level 3 of the Snake Pit on Jan 18, 2023.
             The game lasted 01:22:27 (22839 turns).

NinjaNoafa the Skirmisher (Gnoll Conjurer)         Turns: 22839, Time: 01:22:28

Health: 0/117      AC: 15    Str: 22    XL:     15   Next: 63%
Magic:  3/30       EV: 22    Int: 48    God:    Cheibriados [******]
Gold:   1027       SH: 12    Dex: 33    Spells: 4/37 levels left

rFire   + . .      SeeInvis +    f - +9 dagger "Yffedeyl" {freeze, +Blink Dex+4 SInv}
rCold   . . .      Faith    .    j - +3 buckler
rNeg    . . .      Spirit   .    I - +2 leather armour {rF+}
rPois   .          Reflect  .    r - +2 helmet
rElec   .          Harm     .    y - +0 cloak
rCorr   .          Rampage  .    G - +1 pair of gloves "Jurph" {Int+4 Dex+2}
Will    +....                    R - +0 pair of boots
Stlth   ++++++                   g - amulet of magic regeneration
HPRegen 0.39/turn                U - ring of poison resistance
MPRegen 0.62/turn                C - +6 ring of intelligence

@: lethally poisoned (0 -> -15), poison vulnerable, constricted, studying Ranged
Weapons, very slow
A: fangs 1, strong nose, distributed training
a: Renounce Religion, Evoke Blink, Bend Time, Temporal Distortion, Slouch, Step
From Time


You were on level 3 of the Snake Pit.
You worshipped Cheibriados.
Cheibriados was exalted by your worship.
You visited 4 branches of the dungeon, and saw 20 of its levels.

You collected 1307 gold pieces.
You spent 280 gold pieces at shops.

Inventory:

Hand Weapons
 a - the +8 war axe "Coigiaji" {antimagic, rElec Will++ Str+4 Int-5}
   (You found it on level 5 of the Lair of Beasts)

   Str:       It affects your strength (+4).
   Int:       It affects your intelligence (-5).
   rElec:     It insulates you from electricity.
   Will:      It greatly increases your willpower.
 b - the +8 whip "Snakebite" {venom, curare, rPois}
   (You found it on level 1 of the Lair of Beasts)

   rPois:     It protects you from poison.
 e - a +1 scimitar of flaming
 f - the +9 dagger "Yffedeyl" (weapon) {freeze, +Blink Dex+4 SInv}
   (You took it off a naga mage on level 2 of the Snake Pit)

   Dex:       It affects your dexterity (+4).
   SInv:      It lets you see invisible.
   +Blink:    It lets you blink.
Missiles
 k - 8 boomerangs
 B - 3 curare-tipped darts
 D - 3 throwing nets
 X - 45 poisoned darts
Armour
 j - a +3 buckler (worn)
 r - a +2 helmet (worn)
 y - a +0 cloak (worn)
 G - the +1 pair of gloves "Jurph" (worn) {Int+4 Dex+2}
   (You bought it in a shop on level 7 of the Dungeon)

   Int:       It affects your intelligence (+4).
   Dex:       It affects your dexterity (+2).
 I - a +2 leather armour of fire resistance (worn)
 P - a +0 kite shield
 R - a +0 pair of boots (worn)
Magical Staves
 c - a staff of air
 d - a staff of cold
Jewellery
 g - an amulet of magic regeneration (around neck)
 i - a ring of positive energy
 C - a +6 ring of intelligence (right hand)
 K - a ring of positive energy
 U - a ring of poison resistance (left hand)
Wands
 x - a wand of roots (26)
 E - a wand of mindburst (17)
 F - a wand of flame (21)
 N - a wand of charming (10)
 V - a wand of quicksilver (7)
Scrolls
 h - 5 scrolls of immolation {unknown}
 n - 2 scrolls of vulnerability
 o - 4 scrolls of enchant weapon {unknown}
 p - 3 scrolls of fog
 u - 6 scrolls of blinking
 H - a scroll of torment
 J - 5 scrolls of noise {unknown}
 L - 6 scrolls of teleportation
 O - 2 scrolls of butterflies
 Y - 2 scrolls of poison
Potions
 l - a potion of flight
 m - a potion of heal wounds
 q - 6 potions of attraction
 s - 8 potions of curing
 t - 3 potions of invisibility {unknown}
 v - 4 potions of mutation {unknown}
 w - 4 potions of cancellation {unknown}
 z - 7 potions of might
 A - 3 potions of berserk rage {unknown}
 M - 2 potions of resistance
 S - 2 potions of magic
Miscellaneous
 T - a phial of floods
 W - a phantom mirror


   Skills:
 + Level 10.6 Fighting
 + Level 10.6 Short Blades
 + Level 10.6 Long Blades
 + Level 10.6 Axes
 + Level 10.6 Maces & Flails
 + Level 10.6 Polearms
 + Level 10.6 Staves
 + Level 13.1 Ranged Weapons
 + Level 10.6 Throwing
 + Level 10.6 Armour
 + Level 11.5 Dodging
 + Level 11.4 Stealth
 + Level 10.6 Shields
 + Level 10.6 Unarmed Combat
 + Level 11.7 Spellcasting
 + Level 11.4 Conjurations
 + Level 8.9 Hexes
 + Level 8.9 Summonings
 + Level 8.9 Necromancy
 + Level 8.9 Translocations
 + Level 8.9 Transmutations
 + Level 8.9 Fire Magic
 + Level 8.9 Ice Magic
 + Level 8.9 Air Magic
 + Level 8.9 Earth Magic
 + Level 8.9 Poison Magic
 + Level 11.5 Invocations
 + Level 10.6 Evocations


You had 4 spell levels left.
You knew the following spells:

 Your Spells              Type           Power      Damage    Failure   Level
a - Borgnjor's Vile Clut  Necr/Erth      42%        N/A       1%          5
b - Searing Ray           Conj           100%       2d8       0%          2
c - Dazzling Flash        Conj/Hex       100%       N/A       1%          3
d - Manifold Assault      Tloc           85%        N/A       1%          4
e - Eringya's Noxious Bo  Tmut/Pois      42%        N/A       4%          6
f - Iskenderun's Mystic   Conj/Tloc      90%        2d18      1%          4
g - Hailstorm             Conj/Ice       90%        3d18      1%          3
h - Arcjolt               Conj/Air       45%        1d55      1%          5
i - Magic Dart            Conj           100%       1d8       0%          1

Your spell library contained the following spells:

 Spells                   Type           Power      Damage    Failure   Level
 Apportation              Tloc           100%       N/A       1%          1
 Freeze                   Ice            100%       1d10      1%          1
 Necrotise                Necr           100%       1d9       1%          1
 Summon Small Mammal      Summ           100%       N/A       1%          1
 Cigotuvi's Dreadful Rot  Necr/Pois/Air  100%       N/A       1%          2
 Call Canine Familiar     Summ           85%        N/A       1%          3
 Frozen Ramparts          Ice            100%       1d16      1%          3
 Portal Projectile        Hex/Tloc       100%       N/A       1%          3
 Summon Guardian Golem    Hex/Summ       85%        N/A       1%          3
 Vampiric Draining        Necr           85%        2d12      1%          3
 Vhi's Electric Charge    Tloc/Air       100%       N/A       1%          3
 Animate Dead             Necr           85%        N/A       1%          4
 Dispel Undead            Necr           85%        3d27      1%          4
 Fulminant Prism          Conj/Hex       45%        3d20      1%          4
 Leda's Liquefaction      Hex/Erth       42%        N/A       1%          4
 Agony                    Necr           85%        N/A       1%          5
 Alistair's Intoxication  Tmut/Pois      56%        N/A       1%          5
 Summon Forest            Summ/Tloc      42%        N/A       1%          5
 Summon Mana Viper        Hex/Summ       85%        N/A       1%          5
 Death Channel            Necr           42%        N/A       4%          6
 Summon Cactus Giant      Summ           42%        N/A       4%          6
 Borgnjor's Revivificati  Necr           42%        N/A       89%         8
 Disjunction              Tloc           42%        N/A       89%         8
 Maxwell's Capacitive Co  Air            42%        ∞         89%         8
 Necromutation            Tmut/Necr      42%        N/A       89%         8
 Death's Door             Necr           42%        N/A       100%        9


Dungeon Overview and Level Annotations

Branches:
Dungeon (11/15)            Temple (1/1) D:6            Lair (5/5) D:9
  Swamp (0/4) Lair:3        Snake (3/4) Lair:3        Slime (0/5) Lair:4
    Orc (0/2) D:10

Altars:
Ashenzari
Cheibriados
Dithmenos
Elyvilon
Fedhas
Gozag
Hepliaklqana
Kikubaaqudgha
Makhleb
Nemelex Xobeh
Okawaru
Qazlal
Ru
Sif Muna
Trog
Uskayaw
Vehumet
Wu Jian
Xom
Yredelemnul
Zin
The Shining One
Jiyva

Shops:
D:7 *

Portals:
Hell: Lair:5


Innate Abilities, Weirdness & Mutations

You have very sharp teeth.
Your uncanny sense of smell can sniff out nearby items.
Your experience applies equally to all skills.


Message History

You freeze the sea snake.
You kill the sea snake!
Cheibriados appreciates the change of pace.
You feel sick.
You are more poisoned.
A naga warrior comes into view. It is wielding a +0 short sword.
The naga ritualist mumbles some strange prayers to its god against you.
You feel yourself grow more vulnerable to poison.
Unknown command.
You feel very sick.
You are more poisoned. x2
The naga sharpshooter mumbles some strange words.
The naga sharpshooter magically shoots a bolt.
You block the bolt. You block the naga ritualist's attack.
The naga ritualist grabs you. The naga ritualist constricts you.
The naga sharpshooter shoots a bolt.
The bolt hits you!!
* * * LOW HITPOINT WARNING * * *
The naga closely misses you.
The naga ritualist hits you with a +0 battleaxe!!
* * * LOW HITPOINT WARNING * * *
The naga ritualist constricts you.
The naga sharpshooter shoots a bolt.
The bolt hits you!
* * * LOW HITPOINT WARNING * * *
You feel much better.
You feel sick.
* * * LOW HITPOINT WARNING * * *
You are more poisoned.
The naga ritualist's toxic aura wanes.
The naga completely misses you.
The naga ritualist mumbles some strange prayers to its god.
The naga ritualist begins to radiate toxic energy.
* * * LOW HITPOINT WARNING * * *
You are more poisoned.
The naga ritualist constricts you.
* * * LOW HITPOINT WARNING * * *
A salamander mystic comes into view. It is wielding a +0 dagger.
The naga warrior spits poison at you. The splash of poison misses you.
The splash of poison hits the naga ritualist.
The naga sharpshooter casts a spell.
The naga sharpshooter magically shoots a bolt.
The bolt hits you!!
You die...

~..~~~~..~~..#...###.#####
~~(!~~~~.~~...## #..###
~~~..~~~~~~..# ##.#..##
~~~N~~~~~~~..# #..####.
.~~~N..~)~~..# ##.##
..N~~~).N~~..# #.##
~..~~..N~~~..# ##.#
~~)!.N~~~†...# #.## ##
P~~~~~~)~@.### ##.# ##.
#########.N#####..######..
##..........##....
#......).........
##.#..........##..
##...<.............
##.####............#
.##....####.........##
.........##)##....###


You could see 2 naga warriors, a naga sharpshooter (strong), a salamander mystic
(wandering), a naga ritualist (strong, toxic aura) and 2 nagas.

Vanquished Creatures
  Kirke (Snake:2)
  A nagaraja (Snake:3)
  Harold (D:10)
  A centaur warrior (D:7)
  2 hydras
  5 anacondas
  The ghost of Kushur the Severer, a journeyman VSGl of Hepliaklqana (Lair:1)
  Erica (D:8)
  A catoblepas (Lair:4)
  A two-headed ogre (D:10)
  5 naga warriors
  9 death yaks
  A naga sharpshooter (Snake:3)
  2 shock serpents (Snake:2)
  A salamander mystic (Snake:3)
  A sea snake (Snake:3)
  A sixfirhy (Lair:5)
  The ghost of Encipher the Magician, a novice DjFE of Makhleb (D:7)
  A wizard (Lair:5)
  2 naga ritualists
  2 mana vipers (Snake:1)
  A cyclops (D:8)
  9 salamanders
  23 elephants
  4 guardian serpents
  A manticore (D:7)
  2 torpor snails
  27 black mambas
  3 naga magi
  A smoke demon (Lair:5)
  11 cane toads
  5 rime drakes
  4 orange demons (Lair:5)
  10 komodo dragons
  A kobold demonologist (D:10)
  An ice devil (Lair:5)
  A polar bear (Lair:5)
  2 trolls (D:11)
  Prince Ribbit (D:6)
  12 blink frogs
  13 dream sheep
  A vampire (D:10)
  33 yaks
  5 wyverns
  A shadow (D:10)
  3 hogs (Snake:2)
  2 basilisks
  6 vampire mosquitoes (Lair:3)
  2 steam dragons
  23 nagas
  An acid dragon (D:9)
  19 water moccasins
  Duvessa (D:6)
  5 hell hounds (Lair:5)
  2 orc warriors
  2 sky beasts
  7 black bears
  4 ice beasts
  11 wolves
  2 ogres
  A centaur (D:9)
  4 kobold brigands
  17 bullfrogs
  A scorpion (D:9)
  3 necrophages
  Dowan (D:6)
  9 killer bees
  8 electric eels
  A howler monkey (D:7)
  A bullfrog zombie (D:5)
  A centaur zombie (D:5)
  Crazy Yiuf (D:3)
  6 jellies
  A hound (D:5)
  3 orc priests
  Natasha (twice) (D:4)
  5 iguanas
  A scorpion zombie (D:5)
  5 hell rats (Lair:5)
  6 orc wizards
  A killer bee zombie (D:5)
  A howler monkey zombie (D:5)
  15 adders
  6 gnolls
  3 worms (D:2)
  3 dart slugs
  29 orcs
  7 ball pythons
  11 endoplasms
  6 giant cockroaches
  10 goblins
  6 hobgoblins
  A jackal (D:2)
  4 quokkas
  4 bats
  3 frilled lizards
  34 kobolds
  2 rats (D:3)
  A bush (Lair:2)
527 creatures vanquished.

Vanquished Creatures (collateral kills)
  A bullfrog (D:8)
  A howler monkey (D:8)
  An orc priest (D:8)
3 creatures vanquished.

Vanquished Creatures (others)
  A yak (Lair:3)
  A human (Snake:2)
  A wolf (Lair:4)
  A gnoll bouda (D:6)
  2 gnolls (D:6)
  3 bushes
  64 fungi
  199 plants
272 creatures vanquished.

Grand Total: 802 creatures vanquished

Notes
Turn   | Place    | Note
-------+----------+-------------------------------------------
     0 | D:1      | NinjaNoafa the Gnoll Conjurer began the quest for the Orb.
     0 | D:1      | Reached XP level 1. HP: 13/13 MP: 6/6
   149 | D:1      | Reached XP level 2. HP: 19/19 MP: 2/7
   338 | D:1      | Learned a level 2 spell: Searing Ray
   637 | D:1      | Got the Directory of Dimensional Ice
   702 | D:1      | Reached skill level 5 in Spellcasting
   702 | D:1      | Reached XP level 3. HP: 25/25 MP: 7/9
   973 | D:2      | Reached skill level 1 in Invocations
  1015 | D:2      | Reached skill level 1 in Fighting
  1015 | D:2      | Reached skill level 1 in Short Blades
  1015 | D:2      | Reached skill level 1 in Long Blades
  1015 | D:2      | Reached skill level 1 in Axes
  1015 | D:2      | Reached skill level 1 in Maces & Flails
  1015 | D:2      | Reached skill level 1 in Polearms
  1015 | D:2      | Reached skill level 1 in Staves
  1015 | D:2      | Reached skill level 1 in Ranged Weapons
  1015 | D:2      | Reached skill level 1 in Throwing
  1015 | D:2      | Reached skill level 1 in Armour
  1015 | D:2      | Reached skill level 1 in Shields
  1015 | D:2      | Reached skill level 1 in Unarmed Combat
  1015 | D:2      | Reached skill level 1 in Evocations
  1131 | D:2      | Reached XP level 4. HP: 32/32 MP: 11/11
  1303 | D:2      | Reached skill level 1 in Hexes
  1303 | D:2      | Reached skill level 1 in Summonings
  1303 | D:2      | Reached skill level 1 in Necromancy
  1303 | D:2      | Reached skill level 1 in Translocations
  1303 | D:2      | Reached skill level 1 in Transmutations
  1303 | D:2      | Reached skill level 1 in Fire Magic
  1303 | D:2      | Reached skill level 1 in Ice Magic
  1303 | D:2      | Reached skill level 1 in Air Magic
  1303 | D:2      | Reached skill level 1 in Earth Magic
  1303 | D:2      | Reached skill level 1 in Poison Magic
  1517 | D:2      | Learned a level 3 spell: Dazzling Flash
  1521 | D:2      | Learned a level 3 spell: Hailstorm
  1573 | D:2      | Reached XP level 5. HP: 37/37 MP: 0/12
  2301 | D:3      | Identified the +1 robe "Zaohai Qutsa" {Dex+4}
  2401 | D:3      | Found a stormy altar of Qazlal.
  2698 | D:3      | Found a runed translucent door.
  2699 | D:3      | Noticed Crazy Yiuf
  3126 | D:3      | Killed Crazy Yiuf
  3127 | D:3      | Reached XP level 6. HP: 44/44 MP: 8/14
  3180 | D:4      | Noticed a water moccasin
  3185 | D:4      | Killed a water moccasin
  3186 | D:4      | Reached skill level 2 in Ranged Weapons
  3186 | D:4      | Reached skill level 5 in Dodging
  3585 | D:4      | Found a shadowy altar of Dithmenos.
  3922 | D:4      | Noticed Natasha
  3924 | D:4      | Killed Natasha
  3982 | D:4      | Noticed Natasha
  3986 | D:4      | Killed Natasha
  3992 | D:4      | Reached XP level 7. HP: 51/51 MP: 0/15
  4444 | D:5      | Entered Level 5 of the Dungeon
  4559 | D:5      | Found a basalt altar of Yredelemnul.
  4661 | D:5      | Reached skill level 5 in Stealth
  4966 | D:5      | Found a radiant altar of Vehumet.
  5186 | D:5      | Found a snail-covered altar of Cheibriados.
  5203 | D:5      | Became a worshipper of Cheibriados the Contemplative
  5218 | D:5      | Reached skill level 3 in Ranged Weapons
  5218 | D:5      | Reached XP level 8. HP: 58/58 MP: 16/16
  5390 | D:6      | Found a staircase to the Ecumenical Temple.
  5403 | Temple   | Entered the Ecumenical Temple
  5621 | D:6      | Learned a level 3 spell: Summon Guardian Golem
  5626 | D:6      | Learned a level 4 spell: Iskenderun's Mystic Blast
  6211 | D:6      | Noticed Prince Ribbit
  6222 | D:6      | Killed Prince Ribbit
  6222 | D:6      | Reached * piety under Cheibriados
  6453 | D:6      | Noticed Duvessa
  6453 | D:6      | Noticed Dowan
  6456 | D:6      | Killed Dowan
  6463 | D:6      | Killed Duvessa
  6464 | D:6      | Reached skill level 4 in Ranged Weapons
  6464 | D:6      | Reached XP level 9. HP: 44/65 MP: 9/18
  7116 | D:7      | Found a sparkling altar of Nemelex Xobeh.
  7135 | D:7      | Found Xuify's Assorted Antiques.
  7143 | D:7      | Bought a pair of smoking gloves for 199 gold pieces
  7143 | D:7      | Identified the +1 pair of gloves "Jurph" {Int+4 Dex+2} (You
                  | bought it in a shop on level 7 of the Dungeon)
  7143 | D:7      | Bought a scroll labelled XYSIOTUIMIOSO for 21 gold pieces
  7143 | D:7      | Bought a cyan potion for 18 gold pieces
  7143 | D:7      | Bought a scroll labelled ZIBRAI BOSOSA for 21 gold pieces
  7143 | D:7      | Bought a scroll labelled XYSIOTUIMIOSO for 21 gold pieces
  8020 | D:7      | Noticed a manticore
  8021 | D:7      | Found a runed translucent gate.
  8021 | D:7      | Found a runed translucent gate.
  8022 | D:7      | Found a runed translucent gate.
  8026 | D:7      | Noticed a centaur warrior
  8030 | D:7      | Noticed Encipher's ghost (novice DjFE)
  8423 | D:8      | You fall into a shaft and drop 3 floors!
  8456 | D:11     | Noticed a troll
  8460 | D:11     | Noticed a troll
  8464 | D:11     | Killed a troll
  8464 | D:11     | Killed a troll
  8465 | D:11     | Reached skill level 5 in Invocations
  8518 | D:10     | Entered Level 10 of the Dungeon
  8524 | D:11     | Reached ** piety under Cheibriados
  8545 | D:10     | Noticed a kobold demonologist
  8558 | D:10     | Killed a kobold demonologist
  8559 | D:10     | Reached skill level 5 in Fighting
  8559 | D:10     | Reached skill level 5 in Short Blades
  8559 | D:10     | Reached skill level 5 in Long Blades
  8559 | D:10     | Reached skill level 5 in Axes
  8559 | D:10     | Reached skill level 5 in Maces & Flails
  8559 | D:10     | Reached skill level 5 in Polearms
  8559 | D:10     | Reached skill level 5 in Staves
  8559 | D:10     | Reached skill level 5 in Ranged Weapons
  8559 | D:10     | Reached skill level 5 in Throwing
  8559 | D:10     | Reached skill level 5 in Armour
  8559 | D:10     | Reached skill level 5 in Shields
  8559 | D:10     | Reached skill level 5 in Unarmed Combat
  8559 | D:10     | Reached skill level 5 in Evocations
  8559 | D:10     | Reached XP level 10. HP: 33/74 MP: 1/20
  8835 | D:8      | Noticed Erica
  8849 | D:8      | Killed Erica
  8861 | D:8      | Learned a level 4 spell: Manifold Assault
  9030 | D:8      | Learned a level 4 spell: Animate Dead
  9169 | D:8      | Found a shimmering blue altar of Sif Muna.
  9326 | D:8      | Learned a level 4 spell: Leda's Liquefaction
  9481 | D:8      | Noticed a cyclops
  9492 | D:8      | Killed a cyclops
  9639 | D:8      | Reached *** piety under Cheibriados
 10329 | D:9      | Reached skill level 6 in Ranged Weapons
 10369 | D:9      | Found a staircase to the Lair.
 10386 | D:9      | Reached skill level 5 in Hexes
 10386 | D:9      | Reached skill level 5 in Summonings
 10386 | D:9      | Reached skill level 5 in Necromancy
 10386 | D:9      | Reached skill level 5 in Translocations
 10386 | D:9      | Reached skill level 5 in Transmutations
 10386 | D:9      | Reached skill level 5 in Fire Magic
 10386 | D:9      | Reached skill level 5 in Ice Magic
 10386 | D:9      | Reached skill level 5 in Air Magic
 10386 | D:9      | Reached skill level 5 in Earth Magic
 10386 | D:9      | Reached skill level 5 in Poison Magic
 10425 | D:9      | Found a glowing golden altar of the Shining One.
 10528 | D:9      | Found a glowing silver altar of Zin.
 10537 | D:9      | Found a sacrificial altar of Ru.
 10553 | D:9      | Reached **** piety under Cheibriados
 10554 | D:9      | Reached XP level 11. HP: 81/81 MP: 19/22
 10995 | D:10     | Noticed a two-headed ogre
 11011 | D:10     | Noticed a two-headed ogre
 11201 | D:10     | Killed a two-headed ogre
 11265 | D:10     | Noticed Harold
 11284 | D:10     | Killed Harold
 11990 | D:10     | Found a staircase to the Orcish Mines.
 12062 | Lair:1   | Entered Level 1 of the Lair of Beasts
 12157 | Lair:1   | Found a runed translucent door.
 12164 | Lair:1   | Learned a level 5 spell: Arcjolt
 12710 | Lair:1   | Reached ***** piety under Cheibriados
 12976 | Lair:1   | Found the +8 whip "Snakebite" {venom, curare, rPois}
 13383 | Lair:1   | Noticed Kushur's ghost (journeyman VSGl)
 13683 | Lair:1   | Killed Kushur's ghost
 13684 | Lair:1   | Reached skill level 7 in Ranged Weapons
 13793 | Lair:2   | Reached XP level 12. HP: 54/91 MP: 2/24
 14180 | Lair:2   | Noticed a death yak
 14181 | Lair:2   | Noticed a death yak
 14182 | Lair:2   | Noticed a death yak
 14184 | Lair:2   | Noticed a death yak
 14189 | Lair:2   | Noticed a death yak
 14376 | Lair:2   | Reached skill level 8 in Ranged Weapons
 14381 | Lair:2   | Killed a death yak
 14381 | Lair:2   | Killed a death yak
 14386 | Lair:2   | Killed a death yak
 14396 | Lair:2   | Killed a death yak
 14424 | Lair:2   | Killed a death yak
 14947 | Lair:3   | Noticed a death yak
 14948 | Lair:3   | Noticed a death yak
 14952 | Lair:3   | Noticed a death yak
 14956 | Lair:3   | Killed a death yak
 14963 | Lair:3   | Killed a death yak
 14969 | Lair:3   | Killed a death yak
 14970 | Lair:3   | Reached skill level 9 in Ranged Weapons
 15101 | Lair:3   | Found a staircase to the Swamp.
 15104 | Lair:3   | Reached XP level 13. HP: 97/98 MP: 17/26
 15145 | Lair:3   | Reached ****** piety under Cheibriados
 15241 | Lair:3   | Found a white marble altar of Elyvilon.
 15301 | Lair:3   | Reached skill level 10 in Conjurations
 15681 | Lair:3   | Found a staircase to the Snake Pit.
 15695 | Lair:3   | Reached skill level 10 in Spellcasting
 16149 | Lair:3   | Reached skill level 10 in Ranged Weapons
 16443 | Lair:4   | Found a staircase to the Slime Pits.
 16443 | Lair:4   | Found a viscous altar of Jiyva.
 16612 | Lair:4   | Reached skill level 10 in Dodging
 17020 | Lair:4   | Reached skill level 10 in Stealth
 17041 | Lair:4   | Learned a level 6 spell: Eringya's Noxious Bog
 17226 | Lair:4   | Reached XP level 14. HP: 108/108 MP: 28/28
 17297 | Lair:4   | Reached skill level 10 in Invocations
 17667 | Lair:5   | Entered Level 5 of the Lair of Beasts
 17689 | Lair:5   | Reached skill level 11 in Ranged Weapons
 17692 | Lair:5   | Identified the +8 war axe "Coigiaji" {antimagic, rElec
                  | Will++ Str+4 Int-5}
 18331 | Lair:5   | Learned a level 5 spell: Borgnjor's Vile Clutch
 18636 | Lair:5   | Found a burning altar of Makhleb.
 18785 | Lair:5   | Found a gateway to Hell.
 19262 | Snake:1  | Entered Level 1 of the Snake Pit
 19924 | Snake:1  | Reached skill level 12 in Ranged Weapons
 20261 | Snake:1  | HP: 4/109 [salamander (4)]
 20629 | D:7      | Reached skill level 10 in Fighting
 20629 | D:7      | Reached skill level 10 in Short Blades
 20629 | D:7      | Reached skill level 10 in Long Blades
 20629 | D:7      | Reached skill level 10 in Axes
 20629 | D:7      | Reached skill level 10 in Maces & Flails
 20629 | D:7      | Reached skill level 10 in Polearms
 20629 | D:7      | Reached skill level 10 in Staves
 20629 | D:7      | Reached skill level 10 in Throwing
 20629 | D:7      | Reached skill level 10 in Armour
 20629 | D:7      | Reached skill level 10 in Shields
 20629 | D:7      | Reached skill level 10 in Unarmed Combat
 20629 | D:7      | Reached skill level 10 in Evocations
 20629 | D:7      | Killed Encipher's ghost
 20650 | D:7      | Upgraded the game from 0.30-a0-652-gcc886f7154 to
                  | 0.30-a0-672-gc3a7216ad8
 21065 | Snake:1  | Reached XP level 15. HP: 115/115 MP: 28/30
 21246 | Snake:2  | Noticed Kirke
 21265 | Snake:2  | Killed Kirke
 22202 | Snake:2  | Identified the +9 dagger "Yffedeyl" {freeze, +Blink Dex+4
                  | SInv}
 22554 | Snake:3  | Noticed a nagaraja
 22561 | Snake:3  | Killed a nagaraja
 22748 | Snake:3  | Reached skill level 13 in Ranged Weapons
 22839 | Snake:3  | Shot with a bolt by a naga sharpshooter

Illustrated notes

Levels and vault maps discovered:
D:1:      lordsloth_arrival_two_stooges, layout_basic, serial_glass,
          glass_columns_a, glass_columns_b
D:2:      minmay_spotlight, layout_loops_ring, minmay_increasing_density
D:3:      minmay_bubble_buster, layout_basic, nicolae_qazlal_scattered_showers,
          uniq_crazy_yiuf_cottage
D:4:      layout_cave_pods, grunt_dithmenos_smoke_and_mirrors, uniq_natasha
D:5:      layout_loops_ring, kennysheep_slug_shrine, lemuel_doored_altar,
          nicolae_yredelemnul_corpse_copse
D:6:      layout_rooms, minmay_temple_entry_stoned_glass,
          mrwooster_statue_mirror, uniq_duvessa, uniq_prince_ribbit1
D:7:      layout_layer_cave, mainiacjoe_overflow_small_starburst,
          gammafunk_ghost_split, serial_shops, nicolae_shop_overgrown_old_shop,
          nicolae_water_bricks
D:8:      nicolae_BIG_FREAKIN_CUBE, layout_basic,
          mainiacjoe_overflow_six_doors_small, uniq_erica
D:9:      layout_basic, tso_oasis_becter, mainiacjoe_overflow_swirl,
          due_lair_maze_entry_diamond, evilmike_butchery
D:10:     layout_small_grid, orc_0_dummy, uniq_harold
D:11:     layout_irregular_city, ebering_ghost_disaster_area, serial_shops,
          nicolae_square_shop
Temple:   hc_temple_tempest_star
Lair:1:   minmay_guarded_unrand_snakebite, layout_chaotic_city,
          ebering_ghost_reflecting_pool, beast_lair_carwin_11,
          grunt_megastairs_5, serial_bayou_shore_b
Lair:2:   layout_cave_shapes, grunt_forest_small_clearings,
          nicolae_lair_grazing_beasts [nicolae_sub_lair_graze_edge,
          nicolae_sub_lair_graze_edge, nicolae_sub_lair_graze_edge,
          nicolae_sub_lair_graze_edge]
Lair:3:   layout_misc_corridors, minmay_swamp_entry_swarm,
          minmay_snake_entry_guardpost_medium, basic_altar,
          infiniplex_staircase_pool
Lair:4:   layout_long_grid, nicolae_slime_entry_slimehenge, serial_bayou,
          serial_bayou_lagoon_b, serial_bayou_shore_b, serial_bayou_lake_a,
          serial_bayou_lagoon_a, serial_bayou_pond_e, lemuel_fruit_tree
Lair:5:   evil_forest, layout_gridlike, dreamdust_deal_with_the_devil
Snake:1:  nrook_guardian_serpent_snake_passage, layout_misc_corridors,
          nicolae_snake_gridmaze_tees
Snake:2:  layout_honeycomb, uniq_kirke
Snake:3:  layout_chambers, guppyfry_snake_island, minmay_shoptagon, uniq_vashnia

Skill      XL: |  1  2  3  4  5  6  7  8  9 10 11 12 13 14 15 |
---------------+----------------------------------------------+-----
Spellcasting   | 5 6 7 8 9 10 11 | 11.7
Invocations    | 1 2 3 4 5 6 7 8 9 10 11 | 11.5
Fighting       | 1 2 3 4 5 6 7 8 9 10 | 10.6
Short Blades   | 1 2 3 4 5 6 7 8 9 10 | 10.6
Long Blades    | 1 2 3 4 5 6 7 8 9 10 | 10.6
Axes           | 1 2 3 4 5 6 7 8 9 10 | 10.6
Maces & Flails | 1 2 3 4 5 6 7 8 9 10 | 10.6
Polearms       | 1 2 3 4 5 6 7 8 9 10 | 10.6
Staves         | 1 2 3 4 5 6 7 8 9 10 | 10.6
Ranged Weapons | 1 2 3 4 5 6 7 9 10 12 13 | 13.1
Throwing       | 1 2 3 4 5 6 7 8 9 10 | 10.6
Armour         | 1 2 3 4 5 6 7 8 9 10 | 10.6
Shields        | 1 2 3 4 5 6 7 8 9 10 | 10.6
Unarmed Combat | 1 2 3 4 5 6 7 8 9 10 | 10.6
Evocations     | 1 2 3 4 5 6 7 8 9 10 | 10.6
Hexes          | 1 2 3 4 5 6 7 8 |  8.9
Summonings     | 1 2 3 4 5 6 7 8 |  8.9
Necromancy     | 1 2 3 4 5 6 7 8 |  8.9
Translocations | 1 2 3 4 5 6 7 8 |  8.9
Transmutations | 1 2 3 4 5 6 7 8 |  8.9
Fire Magic     | 1 2 3 4 5 6 7 8 |  8.9
Ice Magic      | 1 2 3 4 5 6 7 8 |  8.9
Air Magic      | 1 2 3 4 5 6 7 8 |  8.9
Earth Magic    | 1 2 3 4 5 6 7 8 |  8.9
Poison Magic   | 1 2 3 4 5 6 7 8 |  8.9
Dodging        | 5 6 7 8 9 10 11 | 11.5
Stealth        | 5 6 7 8 9 10 11 | 11.4
Conjurations   | 8 9 10 11 | 11.4

Action                   |  1- 3 |  4- 6 |  7- 9 | 10-12 | 13-15 || total
-------------------------+-------+-------+-------+-------+-------++-------
Melee: Quarterstaff      |       |       |    14 |       |       ||    14
       Bite              |       |       |     4 |    30 |    33 ||    67
       Flail             |       |       |    25 |    17 |       ||    42
       Scimitar          |       |       |       |   194 |    26 ||   220
       Dagger            |       |       |       |     5 |    24 ||    29
       Whip              |       |       |       |   168 |   304 ||   472
       Staff             |       |       |       |       |    86 ||    86
       War axe           |       |       |       |       |     6 ||     6
       Unarmed           |       |       |       |       |     7 ||     7
 Fire: Triple crossbow   |    22 |    68 |    33 |       |       ||   123
 Cast: Magic Dart        |    21 |    15 |    43 |    50 |    32 ||   161
       Searing Ray       |     7 |    13 |     9 |     6 |     2 ||    37
       Hailstorm         |       |    13 |    29 |    19 |    25 ||    86
       Dazzling Flash    |       |     2 |     4 |     9 |     6 ||    21
       Iskenderun's Myst |       |       |    32 |    45 |    53 ||   130
       Summon Guardian G |       |       |     4 |     3 |       ||     7
       Manifold Assault  |       |       |       |   105 |   107 ||   212
       Leda's Liquefacti |       |       |       |     7 |     2 ||     9
       Animate Dead      |       |       |       |     1 |       ||     1
       Arcjolt           |       |       |       |    11 |    23 ||    34
       Eringya's Noxious |       |       |       |       |    25 ||    25
       Borgnjor's Vile C |       |       |       |       |    32 ||    32
Invok: Bend Time         |       |       |       |     1 |     1 ||     2
       Slouch            |       |       |       |       |     2 ||     2
 Abil: Evoke Blink       |       |       |       |       |     1 ||     1
Evoke: Wand              |       |       |       |     1 |     8 ||     9
  Use: Potion            |       |       |     2 |     5 |     5 ||    12
       Scroll            |       |       |    13 |     8 |     8 ||    29
 Stab: Sleeping          |       |       |     1 |     2 |     2 ||     5
       Invisible         |       |       |       |       |     1 ||     1
Armor: Robe              |     5 |    24 |    27 |       |       ||    56
       Leather armour    |       |       |    19 |    62 |    96 ||   177
Dodge: Dodged            |    25 |    65 |   128 |   205 |   350 ||   773
Block: Buckler           |       |       |    40 |   160 |   251 ||   451

Table legend: (Time is in decaauts)
 A = Elapsed time spent in this place.
 B = Non-inter-level travel time spent in this place.
 C = Inter-level travel time spent in this place.
 D = Time resting spent in this place.
 E = Time spent auto-exploring this place.
 F = Levels seen in this place.
 G = Mean time per level.
                   A        B        C        D        E       F      G
               +--------+--------+--------+--------+--------+-----+--------+
         Total |  30846 |  27296 |   3550 |    154 |  22730 |  20 | 1542.3 |
       Dungeon |  14621 |  13022 |   1599 |    139 |  10813 |  11 | 1329.2 |
        Temple |    269 |    252 |     17 |      0 |    235 |   1 |  269.0 |
          Lair |  11930 |  10304 |   1626 |      0 |   8608 |   5 | 2386.0 |
     Snake Pit |   4024 |   3717 |    307 |     15 |   3074 |   3 | 1341.3 |
               +--------+--------+--------+--------+--------+-----+--------+

Top non-repeatable levels by time:
  Lair:3: 2849 daAuts
  Lair:1: 2599 daAuts
 Snake:1: 2460 daAuts
  Lair:5: 2444 daAuts
  Lair:4: 2261 daAuts
     D:7: 1970 daAuts
     D:9: 1969 daAuts
     D:8: 1929 daAuts
  Lair:2: 1775 daAuts
    D:10: 1571 daAuts
     D:6: 1556 daAuts
     D:2: 1302 daAuts
     D:3: 1237 daAuts
 Snake:2: 1156 daAuts
     D:4: 1117 daAuts
